[Event "*** SCC Grand Prix: Titled Tuesday Blitz"]
[Site "Chess.com"]
[Date "2020.06.09"]
[Round "9"]
[White "OdChessWorld"]
[Black "Fandorine"]
[Result "1-0"]
[WhiteElo "2816"]
[BlackElo "2886"]
[TimeControl "180+1"]
[EndTime "10:47:59 PDT"]
[Termination "OdChessWorld won by resignation"]

1. d4 Nf6 2. Nf3 g6 3. g3 Bg7 4. Bg2 O-O 5. O-O d6 6. c4 Nc6 7. Nc3 a6 8. Bf4 Rb8 9. Rc1 h6 10. Qd2 g5 11. Be3 Ng4 12. h3 Nxe3 13. Qxe3 e6 14. Qd2 Ne7 15. h4 g4 16. Nh2 f5 17. e4 Nc6 18. exf5 Nxd4 19. fxe6 Bxe6 20. Rfe1 Bf5 21. Nd5 Kh8 22. Ne7 Qd7 23. Nxf5 Qxf5 24. Re4 Nf3+ 25. Bxf3 gxf3 26. Re3 Qh5 27. Qd3 Rbe8 28.
Rxe8 Qxe8 29. Nxf3 b6 30. b3 Qc6 31. Kg2 b5 32.
Re1 bxc4 33. bxc4 Qd7 34. Qe4 Qf7 35. Re2 a5 36. Nh2 a4 37. Ng4 a3 38. Ne3 Re8 39.
Qf3 Qxf3+ 40. Kxf3 Rb8 41. Nd5 c6 42. Ne7 c5 43. Nf5 Bf8 44. Ke4 Rb2 45. Kd3 Kg8 46.
Rxb2 axb2 47. Kc2 Kf7 48. Kxb2 Ke6 49. g4 Ke5 50. f3 Kf4 51. Kc3 Kxf3 52. g5 hxg5 53.
hxg5 Kg4 54. Ne3+ Kxg5 55. a4 Be7 56. a5 Bd8 57. a6 Bb6 58. Nd5 Ba7 59. Kb3 Kf5 60.
Ne7+ Ke6 61. Nc6 Bb6 62. Ka4 Kd7 63. Kb5 Kc7 64. a7 Bxa7 65. Nxa7 Kd7 66. Nc6 Ke6 67.
Nd8+ Ke5 68. Nf7+ Ke6 69. Kc6 Ke7 1-0

[Event "*** SCC Grand Prix: Titled Tuesday Blitz"]
[Site "Chess.com"]
[Date "2020.06.09"]
[Round "9"]
[White "ChessWarrior7197"]
[Black "Firouzja2003"]
[Result "1/2-1/2"]
[WhiteElo "2969"]
[BlackElo "3139"]
[TimeControl "180+1"]
[EndTime "10:48:00 PDT"]
[Termination "Game drawn by stalemate"]

1. e4 e6 2. d4 d5 3. Nc3 Nf6 4. e5 Nfd7 5. f4 c5 6. Nf3 Nc6 7.
Be3 Be7 8. Qd2 a6 9. Be2 b5 10.
O-O b4 11. Nd1 Qb6 12. c3 a5 13. c4 dxc4 14. d5 exd5 15. Qxd5 Qc7 16. Bxc4 O-O 17. Qe4 Nb6 18. Bb5 Bb7 19. Qc2 Rac8 20. Nf2 Nd5 21. Bd2 Nd4 22. Nxd4 cxd4 23. Qxc7 Rxc7 24. Rfc1 Rfc8 25.
Rxc7 Rxc7 26. Rc1 Rxc1+ 27. Bxc1 Ne3 28. Bxe3 dxe3 29. Nd1 g5 30. fxg5 Bxg5 31. b3 Bf4 32. g3 Bxe5 33. Nxe3 Bd4 34. Kf2 Be4 35. Ke2 Bb1 36.
Nc4 Bg1 37. h4 Bxa2 38. Ba4 Bb1 39. Nxa5 Bf5 40. Bb5 Bb6 41. Nc4 Bc7 42. Kf3 h5 43.
Ne3 Bc8 44. Bc4 Kg7 45. Bd5 Bb6 46. Nc4 Bc7 47. Nd2 Bg4+ 48. Kf2 f5 49. Nf3 Kf6 50.
Bc4 Bb6+ 51. Kg2 Be3 52. Ne1 Ke5 53. Nd3+ Kd4 54. Nxb4 f4 55. Nc2+ Kc3 56. Ne1 Kd2 57. Nf3+ Bxf3+ 58. Kxf3 fxg3 59. Kxg3 Bc5 60. Bf7 Bd6+ 61. Kh3 Ke3 62. Bxh5 Kf4 63. Bf7 Ke5 64. Bc4 Kf6 65. Kg4 Kg7 66. h5 Kh8 67. Bd3 Bf8 68. Bg6 Be7 69. Kf5 Bf8 70. Ke6 Ba3 71.
Kd5 Bf8 72. Kc4 Ba3 73. b4 Bxb4 74. Kxb4 Kg7 75. Kc5 Kh8 76. Kd6 Kg7 77. Ke7 Kh8 78.
Kf7 1/2-1/2

[Event "*** SCC Grand Prix: Titled Tuesday Blitz"]
[Site "Chess.com"]
[Date "2020.06.09"]
[Round "9"]
[White "The_Machine04"]
[Black "m-garcett"]
[Result "1-0"]
[WhiteElo "2272"]
[BlackElo "2071"]
[TimeControl "180+1"]
[EndTime "10:48:05 PDT"]
[Termination "The_Machine04 won by resignation"]

1. d4 Nf6 2. Bg5 e6 3. Nd2 d5 4.
e3 c5 5. c3 cxd4 6. exd4 Nc6 7.
Ngf3 Be7 8. Bd3 O-O 9. O-O h6 10. Bf4 a6 11. Ne5 Bd7 12. Re1 b5 13. g4 b4 14. g5 hxg5 15. Bxg5 bxc3 16. bxc3 Nxe5 17. dxe5 Nh7 18. Bxe7 Qxe7 19. Bxh7+ Kxh7 20. Qh5+ Kg8 21. Re3 f6 22. Nf3 Be8 23. Qh4 g5 24. exf6 Qxf6 25.
Qxg5+ Qxg5+ 26. Nxg5 Bg6 27. Nxe6 Rf6 28. Nd4 Raf8 29. f3 Bh5 30. Kf2 Rb8 31. Rae1 Rb2+ 32. R1e2 Rb1 33. Rc2 Rh1 34. Kg2 Ra1 35. Re7 Rg6+ 36.
Kf2 Rgg1 37. Ke3 Rae1+ 38. Re2 Ref1 39. Ra7 Rg6 40. Rf2 Re1+ 41. Kd2 Ra1 42. Ke3 Re1+ 43.
Re2 Rc1 44. Ra8+ Kh7 45. Rc8 Rg7 46. Rc6 Rg6 47. Rxg6 Bxg6 48. Kd2 Ra1 49. Ke3 Rd1 50. Kf4 Rc1 51. Re3 Rh1 52. Ke5 Rxh2 53. Kxd5 Rxa2 54. c4 Ra5+ 55. c5 Bf7+ 56. Kd6 Ra4 57. Nf5 Rf4 58. Re5 Kg6 59. Ne7+ Kf6 60. c6 Rd4+ 61. Nd5+ Rxd5+ 62. Rxd5 Bxd5 63. Kxd5 Ke7 64. f4 Kd8 65. f5 Kc7 66. f6 a5 67. f7 a4 68. f8=Q a3 69.
Qd6+ 1-0

[Event "*** SCC Grand Prix: Titled Tuesday Blitz"]
[Site "Chess.com"]
[Date "2020.06.09"]
[Round "9"]
[White "krasavetc"]
[Black "ElviraBerend"]
[Result "0-1"]
[WhiteElo "2228"]
[BlackElo "2393"]
[TimeControl "180+1"]
[EndTime "10:48:06 PDT"]
[Termination "ElviraBerend won on time"]

1. e4 e5 2. Nf3 Nc6 3. Bc4 Bc5 4. d4 exd4 5. Ng5 Nh6 6. Nxf7 Nxf7 7. Bxf7+ Kxf7 8.
Qh5+ g6 9. Qxc5 d6 10. Qb5 Re8 11. Nd2 a6 12. Qb3+ Kg7 13. O-O b5 14. f4 Be6 15.
Qg3 Bf7 16. Nf3 Rxe4 17. Ng5 Qe8 18. f5 Kg8 19. Qh3 h5 20. fxg6 Bxg6 21. Nxe4 Qxe4 22. Bh6 Ne5 23. Rf4 Qe3+ 24. Kh1 Qxh3 25. gxh3 Kh7 26.
Bg5 Bxc2 27. Rxd4 Rf8 28. Rc1 Nf3 29. Rb4 Bd3 30. Rxc7+ Kg6 31. Bc1 d5 32. Rc6+ Kh7 33. Rxa6 Be4 34. Rh6+ Kg7 35. Rxe4 dxe4 36. Rxh5 Re8 37.
Be3 Kg6 38. Rxb5 Ne5 39. Rb4 Nd3 40. Rb6+ Kf5 41. Kg2 Rc8 42. Rb5+ Ke6 43. Kg3 Rc2 44.
h4 Re2 45. Bg5 Re1 46. h5 Rg1+ 47. Kh4 Nf2 48. Rb6+ Kd5 49. h6 Rg2 50. Kh5 Rxh2+ 51. Kg6 Ng4 52. Rb5+ Kd4 53. Ra5 Ne5+ 54. Kg7 Rg2 55.
Kf6 Nd7+ 56. Kg6 Ne5+ 57. Kh5 Rh2+ 58. Bh4 Nf3 59. Ra4+ Kd3 60. Ra3+ Ke2 61. Rxf3 exf3 62. h7 f2 63. h8=Q f1=Q 64. Qe8+ Kd1 65. Qd7+ Rd2 66. Qa4+ Rc2 67. Bg5 Qh3+ 68. Kg6 Qe6+ 69. Kh5 Qf7+ 70. Kh4 Qh7+ 71. Kg4 Qd7+ 72. Kh5 Qxa4 0-1

[Event "*** SCC Grand Prix: Titled Tuesday Blitz"]
[Site "Chess.com"]
[Date "2020.06.09"]
[Round "9"]
[White "kuba2006"]
[Black "Roza_Idrisova"]
[Result "0-1"]
[WhiteElo "2295"]
[BlackElo "2195"]
[TimeControl "180+1"]
[EndTime "10:48:07 PDT"]
[Termination "Roza_Idrisova won by checkmate"]

1. e4 c6 2. d4 d5 3. e5 c5 4. dxc5 e6 5. Be3 Qc7 6. Nf3 Bxc5 7. Bxc5 Qxc5 8. Nc3 Bd7 9. Bd3 Ne7 10. O-O a6 11.
Ne2 Nbc6 12. c3 Ng6 13. Bxg6 hxg6 14. Ned4 Ne7 15. Qd2 Nf5 16. Nxf5 gxf5 17. Qg5 g6 18. Nd4 Qe7 19. Qxe7+ Kxe7 20. f4 Rag8 21. Nf3 f6 22.
exf6+ Kxf6 23. Rfe1 Bc6 24. Re5 Rc8 25. Rae1 Bd7 26.
Nd4 Rhe8 27. h4 Re7 28. g3 Ree8 29. Kf2 a5 30. Ke3 b5 31. a3 b4 32. axb4 axb4 33.
Kd3 bxc3 34. bxc3 Ra8 35. Rb1 Ra2 36. Rb7 Re7 37. Ke3 Rg2 38. Kf3 Rg1 39. Rc7 Rf1+ 40. Ke2 Rc1 41. Kd2 Rg1 42. Ne2 Rg2 43. Ke3 Rxe2+ 44.
Kxe2 Bb5+ 45. c4 Rxc7 46. cxb5 Rb7 47. Kd2 Rxb5 48. Re3 Rb2+ 49. Kc3 Rg2 50. Kd4 Rd2+ 51. Kc5 Rc2+ 52. Kd6 d4 53. Rxe6+ Kf7 54. Re5 Rc3 55. Rd5 Rxg3 56. Rxd4 Rg4 57. Ke5 Rxh4 58. Rd7+ Kg8 59. Kf6 Rg4 60. Rd8+ Kh7 61. Kf7 Rxf4 62. Rd1 Rh4 63. Kf6 Kh6 64. Rd8 Kh5 65. Rh8+ Kg4 66. Rg8 Rh6 67. Ke5 g5 68. Rf8 f4 69. Ke4 Re6+ 70.
Kd3 Re1 71. Rf7 f3 72. Kd2 Re8 73. Kd3 Kg3 74. Rf5 g4 75. Kd2 f2 76. Kd3 Kg2 77.
Rf4 g3 78. Rf6 f1=Q+ 79. Rxf1 Kxf1 80. Kc4 g2 81. Kd5 g1=Q 82. Kc4 Qg4+ 83. Kd5 Rf8 84. Kd6 Rf5 85. Ke6 Qg6+ 86. Ke7 Rf7+ 87. Ke8 Qg8# 0-1

[Event "*** SCC Grand Prix: Titled Tuesday Blitz"]
[Site "Chess.com"]
[Date "2020.06.09"]
[Round "9"]
[White "PauloFanha"]
[Black "szefru"]
[Result "0-1"]
[WhiteElo "1983"]
[BlackElo "2136"]
[TimeControl "180+1"]
[EndTime "10:48:07 PDT"]
[Termination "szefru won on time"]

1. e4 e5 2. Bc4 Nc6 3. Nf3 Nd4 4. O-O d6 5. c3 Nxf3+ 6. Qxf3 Qf6 7. Qxf6 Nxf6 8. Re1 c6 9. d4 a5 10. Bg5 Be7 11. Bh4 O-O 12. Bg3 exd4 13. cxd4 b5 14. Bd3 b4 15. a3 c5 16. e5 dxe5 17.
Bxe5 Be6 18. dxc5 Bxc5 19. Bxf6 gxf6 20. Be4 Rad8 21. axb4 Bxb4 22. Nc3 Rd2 23. Reb1 f5 24. Bf3 Bc4 25. h3 Bd3 26. Rd1 Rxd1+ 27. Rxd1 Bc2 28. Rd2 Bb3 29. Bd5 Bxc3 30. bxc3 a4 31. Bxb3 axb3 32.
c4 Rb8 33. Rb2 Kf8 34. Kf1 Ke7 35. Ke2 Kd6 36. Kd3 Kc5 37. Kc3 Rb4 38. Rxb3 Rxc4+ 39. Kd3 Rd4+ 40. Ke3 Rd7 41. Rc3+ Kb4 42. Rc2 Kb3 43.
Rc5 Kb4 44. Rxf5 Kc4 45. Rh5 f6 46. Rh6 Rf7 47. Ke4 Kc5 48. Kf5 Rg7 49. g3 Rd7 50. Rxf6 Kd4 51. Kg4 Ke5 52. Rf5+ Ke6 53. f4 Rg7+ 54. Rg5 Ra7 55. h4 Kf6 56. h5 Ra3 57. Rf5+ Kg7 58. Re5 Kf6 59. Rb5 Ra6 60. Rb7 h6 61.
Rh7 Ra3 62. Rxh6+ Kg7 63. Rb6 Rb3 64. f5 Rxb6 65. Kg5 Rd6 66. g4 Ra6 67. Kf4 Ra4+ 68.
Kg5 Ra6 69. Kf4 Kh6 70. Ke5 Kg5 71. h6 Rxh6 72. Kd5 Kxg4 73. Ke5 Kg5 74. Ke4 Rf6 75.
Ke5 Rxf5+ 0-1

[Event "*** SCC Grand Prix: Titled Tuesday Blitz"]
[Site "Chess.com"]
[Date "2020.06.09"]
[Round "9"]
[White "Hrant_ChessMood"]
[Black "KuzubovYuriy"]
[Result "1-0"]
[WhiteElo "3079"]
[BlackElo "2784"]
[TimeControl "180+1"]
[EndTime "10:48:08 PDT"]
[Termination "Hrant_ChessMood won by resignation"]

1. d4 Nf6 2. c4 e6 3. Nf3 d5 4. Nc3 Nbd7 5. Qc2 c5 6. cxd5 Nxd5 7. Nxd5 exd5 8. Bg5 Qb6 9. Rc1 h6 10. Bd2 cxd4 11.
g3 Be7 12. Bg2 O-O 13. O-O Bf6 14. Bf4 Re8 15. Rfd1 Nf8 16. Bc7 Qa6 17. Nxd4 Bxd4 18. Rxd4 Rxe2 19. Rd2 Rxd2 20. Qxd2 Be6 21. a3 Qb5 22.
Be5 Ng6 23. Bd4 Ne7 24. Rc5 Qd7 25. b4 Rc8 26. Rxc8+ Nxc8 27. h4 a6 28. Qc3 f6 29.
Qc5 Ne7 30. a4 Nf5 31. Bc3 Qc6 32. Qxc6 bxc6 33. Bf1 Bc8 34. Bd3 Ne7 35. f3 Kf7 36.
Kf2 Nf5 37. h5 Nd6 38. Bd4 Nc4 39. g4 Ne5 40. Be2 Ke7 41. Bc5+ Ke6 42. Ke3 Nd7 43. Bd4 Kd6 44. f4 c5 45. bxc5+ Nxc5 46. a5 Nb3 47. Bc3 d4+ 48. Bxd4 Nxa5 49. Bc3 Nc6 50. Bb2 Ne7 51. Ba3+ Kd7 52. Bc4 Bb7 53. f5 Ke8 54. Kd4 Nc6+ 55. Kc5 Ne5 56. Be2 Bf3 57.
Bxf3 Nxf3 58. Kd5 Nh2 59. Ke6 Nxg4 60. Bb4 Ne3 61. Bd2 Ng2 62. Kd5 a5 63. Ke4 a4 64.
Kf3 Nh4+ 65. Kg4 Nxf5 66. Kxf5 Kf7 67. Bb4 Kg8 68. Kg6 f5 69. Kxf5 Kf7 70. Ba3 Kg8 71. Kg6 Kh8 72. Bb4 Kg8 73. Bc5 Kh8 74. Ba3 Kg8 75. Bb2 1-0

[Event "*** SCC Grand Prix: Titled Tuesday Blitz"]
[Site "Chess.com"]
[Date "2020.06.09"]
[Round "9"]
[White "Mazetovic"]
[Black "Orest_Vovk"]
[Result "1/2-1/2"]
[WhiteElo "2629"]
[BlackElo "2485"]
[TimeControl "180+1"]
[EndTime "10:48:10 PDT"]
[Termination "Game drawn by stalemate"]

1. d4 h6 2. e4 g5 3. h4 g4 4.
Qxg4 d5 5. Qe2 dxe4 6. Nc3 Nf6 7.
Nxe4 Qxd4 8. Nxf6+ Qxf6 9. c3 Nc6 10. g3 Bd7 11. Bg2 O-O-O 12. Bf4 Qe6 13. Qxe6 Bxe6 14. Nf3 Bc4 15. Nd2 Bd3 16. O-O-O e5 17. Bxc6 exf4 18. Be4 Bc5 19. Bxd3 Rxd3 20. Ne4 Rxd1+ 21. Rxd1 Bb6 22. g4 f3 23. Rd3 Re8 24. Nd2 Bxf2 25. Nxf3 Re4 26. g5 hxg5 27. hxg5 Bg3 28. Kd1 Bf4 29. Rd5 Bd6 30. Rf5 Rf4 31. Rxf4 Bxf4 32. Ke2 Kd7 33. Kd3 Ke6 34. Ke4 Bc1 35. b3 Bb2 36. Nd4+ Kd7 37. Ne2 Ke6 38. b4 c6 39. Kd3 Kf5 40. Kc2 Ba1 41.
Kb1 Bxc3 42. Nxc3 Kxg5 43. Ne4+ Kf5 44. Nd6+ Ke5 45. Nxb7 f5 46. Kc2 f4 47. Na5 Kd5 48.
Kd2 c5 49. bxc5 Kxc5 50. Kc3 f3 51. Nc4 f2 52. Nd2 Kb5 53. Kb3 Ka5 54. a4 Kb6 55. Kb4 Kc6 56. Kc4 Kb6 57. Kb4 Ka6 58. a5 Kb7 59. Kb5 Kc7 60. a6 Kd6 61. Ne4+ Kc7 62.
Nxf2 Kb8 63. Nd3 Ka8 64. Kc6 Kb8 65. Nb4 Ka8 66. Nd5 Kb8 67. Kd7 Ka8 68. Ne7 Kb8 69. Nc6+ Ka8 70. Na5 Kb8 71. Kc6 Ka8 72. Nc4 Kb8 73. Nd6 Ka8 74. Nb5 Kb8 75. Nc7 Kc8 76.
Kd6 Kb8 77. Kd7 1/2-1/2

[Event "*** SCC Grand Prix: Titled Tuesday Blitz"]
[Site "Chess.com"]
[Date "2020.06.09"]
[Round "9"]
[White "SCIM"]
[Black "Leonid_Starozhilov"]
[Result "1/2-1/2"]
[WhiteElo "2553"]
[BlackElo "2707"]
[TimeControl "180+1"]
[EndTime "10:48:19 PDT"]
[Termination "Game drawn by agreement"]

1. d4 Nf6 2. c4 g6 3. Nc3 Bg7 4. e4 d6 5. f3 O-O 6. Bg5 Nc6 7.
Nge2 a6 8. Qd2 Rb8 9. Rc1 Bd7 10. b3 b5 11. cxb5 axb5 12. d5 Ne5 13. Nd4 b4 14. Ncb5 Rb7 15. Nc6 Bxc6 16. dxc6 Rb6 17. Nd4 Qa8 18. Be2 Nxc6 19. Nxc6 Rxc6 20. Rxc6 Qxc6 21. Qxb4 Ra8 22. O-O Rxa2 23. Rc1 Qa8 24. Bf1 c5 25. Qc4 h6 26. Be3 Nd7 27. b4 Ra4 28. Rb1 Rxb4 29.
Rxb4 cxb4 30. Qxb4 Qc8 31. h4 h5 32. Qb3 Nc5 33. Qc2 Qd8 34. Bxc5 dxc5 35. Bc4 Bd4+ 36. Kh2 e6 37. g3 Qa5 38. Qg2 Qe1 39. Bf1 Kg7 40.
Bc4 Bf2 41. Kh3 Bd4 42. Bd3 Qc3 43. Be2 Qb3 44. Qf1 Qe3 45. Bc4 Kf6 46. Be2 Ke7 47. Bc4 f5 48. exf5 gxf5 49. Be2 e5 50. Bc4 f4 51. gxf4 Qxf4 52. Qg2 Qf6 53. Qg5 Qxg5 54. hxg5 Bf2 55. Kg2 Bh4 56. Kh3 Bxg5 57. Kg2 h4 58.
Kh3 Bf6 59. Kg4 Kd6 60. Kh3 Bd8 61. Kg4 Kc7 62. f4 exf4 63. Kxf4 Kb6 64. Kg4 Ka5 65. Bd5 Kb4 66. Kh3 Kc3 67. Be6 Kd2 68. Bf7 Ke3 69. Kg2 Kf4 70. Kh1 Kg3 71. Bg8 Bf6 72. Bf7 Bd4 73. Bg8 h3 74. Bc4 Kf4 75. Bd5 Ke5 76. Bc4 Ke4 77. Bb3 Be5 78. Be6 h2 79. Bc4 Kd4 80. Bf7 Kc3 81. Be6 Kb4 82. Bf7 Bd6 83. Be6 c4 84. Bxc4 Kxc4 85. Kg2 Kd3 86. Kh1 1/2-1/2

[Event "*** SCC Grand Prix: Titled Tuesday Blitz"]
[Site "Chess.com"]
[Date "2020.06.09"]
[Round "9"]
[White "Jospem"]
[Black "lachesisQ"]
[Result "1/2-1/2"]
[WhiteElo "2874"]
[BlackElo "3038"]
[TimeControl "180+1"]
[EndTime "10:48:20 PDT"]
[Termination "Game drawn by stalemate"]

1. c4 e5 2. Nc3 Nf6 3. Nf3 Nc6 4. a3 d5 5. cxd5 Nxd5 6. Qc2 Be7 7. e3 O-O 8. Bd3 h6 9. Nxd5 Qxd5 10. b4 a6 11. Bb2 Bf6 12. Rc1 Qd6 13. Be4 Bd7 14. O-O Rac8 15.
Rfd1 Qe7 16. d4 exd4 17. exd4 Qd6 18. d5 Ne5 19. Bxe5 Bxe5 20. Bh7+ Kh8 21. Bf5 Bxf5 22.
Qxf5 Bb2 23. Rb1 Bxa3 24. Ne5 Bxb4 25. Nxf7+ Rxf7 26. Qxc8+ Rf8 27. Qxb7 Bc5 28. Rf1 a5 29. Qc6 Qxc6 30. dxc6 Rf6 31. Rb2 Kh7 32. Rc2 Bb4 33.
g3 a4 34. Rb1 Bd6 35. Rb7 a3 36. Ra7 Rf5 37. Kg2 Rb5 38. h4 h5 39. Rd2 Kg6 40. Rd3 Rb6 41. Rc3 Rb2 42. Rc4 Kf6 43. Ra5 g6 44. Ra7 Rb5 45. Rc3 Rb2 46. Ra4 Rd2 47.
Rf3+ Kg7 48. Raxa3 Bxa3 49. Rxa3 Rc2 50. Ra6 Kf6 51. Kf3 Ke5 52. Ra5+ Ke6 53. Ra6 Rc4 54.
Ke3 Kd5 55. Ra5+ Ke6 56. Ra6 Ke5 57. Ra5+ Kf6 58. Ra6 Ke6 59. Kf3 Rc5 60. Kg2 Kd5 61. Ra8 Rxc6 62. f3 Rd6 63. g4 c5 64. gxh5 gxh5 65. Rh8 c4 66. Rxh5+ Kd4 67. Kf2 Kd3 68. Rc5 c3 69. f4 c2 70. f5 Rd4 71. f6 Rc4 72.
Rxc4 Kxc4 73. f7 c1=Q 74. f8=Q Qd2+ 75. Kg3 Qe1+ 76. Qf2 Qxf2+ 77. Kxf2 Kd5 78. Kg3 Ke6 79. Kg4 Kf7 80. h5 Kg8 81. Kg5 Kh8 82. h6 Kh7 83. Kh5 Kh8 84. Kg6 Kg8 85. h7+ Kh8 86. Kh6 1/2-1/2

[Event "*** SCC Grand Prix: Titled Tuesday Blitz"]
[Site "Chess.com"]
[Date "2020.06.09"]
[Round "9"]
[White "Azoulas1"]
[Black "shineatchess"]
[Result "1-0"]
[WhiteElo "2003"]
[BlackElo "2200"]
[TimeControl "180+1"]
[EndTime "10:48:23 PDT"]
[Termination "Azoulas1 won by checkmate"]

1. e4 Nf6 2. e5 Nd5 3. d4 d6 4. Nf3 Bg4 5. Be2 e6 6. O-O Be7 7. h3 Bh5 8. c4 Nb6 9. Nc3 O-O 10. Be3 d5 11. c5 Bxf3 12. gxf3 Nc8 13. Kh2 Nc6 14. f4 f5 15. Rg1 Bh4 16. Rg2 N8e7 17. Qg1 Rf7 18. Bh5 g6 19. Bf3 Rg7 20. a3 Na5 21.
Be2 Nc4 22. Bxc4 dxc4 23. Rd1 Nd5 24. Nxd5 Qxd5 25. Qf1 b5 26. Qe2 Rd8 27. Qd2 Be7 28. Rgg1 c6 29. Qa5 Bh4 30. Rd2 Qf3 31. Rg2 Rgd7 32.
Rg1 Kg7 33. Rg2 Kh6 34. Rg1 Kh5 35. Rg2 Rxd4 36. Rxd4 Rxd4 37. Bxd4 Qxf4+ 38. Kh1 Qxd4 39. Qxa7 h6 40. Qf7 Bg5 41. Qxe6 Qd1+ 42. Kh2 Bf4+ 43. Rg3 Bxg3+ 44. Kxg3 Qg1+ 45. Kf3 Qd1+ 46. Kg2 Qd3 47.
Qxc6 Qd4 48. e6 Qe5 49. Qd6 Qe4+ 50. Kh2 Qf3 51. Qg3 Qe4 52. Qe3 Qa8 53. e7 Qb8+ 54.
Kg1 Qe8 55. c6 g5 56. c7 Kg6 57. c8=Q Qxc8 58. e8=Q+ Qxe8 59. Qxe8+ Kf6 60. Qxb5 f4 61. Qxc4 Kf5 62. Qc5+ Ke4 63. b4 h5 64. b5 g4 65.
hxg4 hxg4 66. b6 f3 67. b7 g3 68. b8=Q gxf2+ 69. Kxf2 Kd3 70. Qbd6+ Ke4 71. Qce5# 1-0

[Event "*** SCC Grand Prix: Titled Tuesday Blitz"]
[Site "Chess.com"]
[Date "2020.06.09"]
[Round "9"]
[White "MFguimaraes"]
[Black "Kapitan_Bayan"]
[Result "0-1"]
[WhiteElo "2454"]
[BlackElo "2369"]
[TimeControl "180+1"]
[EndTime "10:48:27 PDT"]
[Termination "Kapitan_Bayan won by resignation"]

1. e4 Nc6 2. Nf3 d6 3. d4 Bg4 4. d5 Ne5 5. Bb5+ Bd7 6. Be2 Nf6 7. Nxe5 dxe5 8. Nc3 e6 9. Bg5 Bb4 10. O-O h6 11. Bh4 O-O 12. Qd3 a6 13. Rfd1 Bc5 14. dxe6 Bxe6 15. Qg3 Bd4 16. Nd5 Nxe4 17. Bxd8 Nxg3 18.
hxg3 Raxd8 19. Nxc7 Bc8 20. c3 Bb6 21. Nd5 Bc5 22. b4 Be6 23. bxc5 Rxd5 24. Bf3 Rxc5 25.
Bxb7 a5 26. Rd3 Rb8 27. Bf3 Rb2 28. a4 Rb3 29. Rd8+ Kh7 30. g4 Rbxc3 31. Be4+ g6 32. f3 Rc1+ 33. Rxc1 Rxc1+ 34. Kh2 Rc4 35. Rb8 Rxa4 36. Rb5 Kg7 37. Rxe5 Ra2 38. Rc5 a4 39. Bd5 Bxd5 40. Rxd5 a3 41. Ra5 Ra1 42. Kg3 a2 43. Ra7 Kf6 44. Ra6+ Ke7 45. Ra7+ Kd6 46. Ra6+ Kc5 47.
Ra5+ Kb4 48. Ra7 h5 49. gxh5 gxh5 50. Rb7+ Kc5 51. Ra7 Kd4 52. Kh2 h4 53. Rd7+ Ke3 54. Re7+ Kd2 55. Rd7+ Kc3 56. Rc7+ Kd4 57. Rd7+ Kc5 58.
Ra7 f5 59. Ra8 Kd4 60. Rd8+ Ke3 61. Re8+ Kf2 62. Ra8 h3 63. gxh3 Kxf3 64. Ra3+ Kf4 65. Ra4+ Kg5 66. Kg2 f4 67. h4+ Kg4 68. h5 Kg5 69. h6 f3+ 70. Kh2 Kxh6 71. Ra3 f2 72. Ra6+ Kg5 73. Ra8 Kf4 74. Rg8 Ke3 75. Rf8 Ke2 76.
Re8+ Kf1 77. Kg3 Rb1 78. Rf8 a1=Q 79. Rxf2+ Kg1 80. Rg2+ Kf1 81. Rf2+ Ke1 82. Rg2 Rb3+ 83. Kh2 Qe5+ 84. Kh1 Rh3+ 85. Kg1 Rg3 0-1

[Event "*** SCC Grand Prix: Titled Tuesday Blitz"]
[Site "Chess.com"]
[Date "2020.06.09"]
[Round "9"]
[White "Maghalashvili"]
[Black "SamuelGhimpu2003"]
[Result "0-1"]
[WhiteElo "2762"]
[BlackElo "2636"]
[TimeControl "180+1"]
[EndTime "10:48:29 PDT"]
[Termination "SamuelGhimpu2003 won on time"]

1. g3 Nf6 2. Bg2 d5 3. c4 c6 4. Nf3 g6 5. O-O Bg7 6. b3 O-O 7. Bb2 a5 8. Nc3 Ne4 9. d4 Bf5 10. Rc1 Nxc3 11. Bxc3 Be4 12. Re1 Nd7 13. Bf1 Bxf3 14. exf3 e6 15. f4 h5 16. Bd3 a4 17.
bxa4 Nb6 18. c5 Nxa4 19. Ba1 b6 20. Bc2 b5 21. Kg2 Qa5 22. Bb3 b4 23. Qd3 Nc3 24.
Bxc3 bxc3 25. Rxc3 Rfb8 26. Rd1 Rb4 27. Qe3 Qb5 28. Rcd3 Ra3 29. h3 Ra8 30. g4 hxg4 31. hxg4 Qb8 32. Rh1 Qd8 33. Qd2 Rab8 34. f5 exf5 35. gxf5 gxf5 36. Rg3 Qf6 37. Qf4 Re8 38. Rh5 Rxd4 39. Qf3 f4 40. Rg4 Kf8 41. Rhg5 Bh6 42. Rh5 Rd2 43. Ba4 Ree2 44. Rgh4 Qd4 45. Kh3 Rxf2 46.
Rxh6 Rxf3+ 47. Kg4 Rg3+ 48. Kf5 Qf6+ 49. Rxf6 Ke8 50.
Rhh6 f3 51. Rh8+ Kd7 52. Rh1 Ke7 53. Rxc6 Kf8 54. Rc8+ Kg7 55. Rb8 f2 56. Rbb1 Rxa2 57. Bb3 Ra3 58. Bxd5 Ra5 59. Ke5 Rxc5 60. Kd6 Rc2 61.
Rbf1 Rd2 62. Rh2 Rgd3 63. Rg2+ Kf6 64. Rgxf2+ Kg7 65. Rxd2 Rxd2 66. Rxf7+ Kg6 67. Rf3 Kg5 68. Ke5 Re2+ 69. Be4 Ra2 70. Rf5+ Kh6 71. Bd5 Re2+ 72. Kf6 Rb2 73. Be6 Rg2 74. Rf3 Rg6+ 75. Kf7 Rg7+ 76. Kf8 Rg1 77. Ke7 Kg5 78. Rf5+ Kh6 79. Bf7 Re1+ 0-1

[Event "*** SCC Grand Prix: Titled Tuesday Blitz"]
[Site "Chess.com"]
[Date "2020.06.09"]
[Round "9"]
[White "Roman_Ovetchkin"]
[Black "Future2700"]
[Result "0-1"]
[WhiteElo "2562"]
[BlackElo "2416"]
[TimeControl "180+1"]
[EndTime "10:48:30 PDT"]
[Termination "Future2700 won by resignation"]

1. d4 Nf6 2. c4 e6 3. Nf3 b6 4.
Bf4 Bb7 5. e3 d6 6. h3 Nbd7 7.
Nc3 g6 8. Bd3 Qe7 9. Bh2 Bg7 10.
Qc2 O-O 11. O-O e5 12. d5 Nc5 13. e4 a5 14. b3 Nh5 15. Rfe1 Nf4 16. Bf1 Qf6 17.
Nd2 g5 18. g3 Ng6 19. Be2 Bc8 20. Bg4 h5 21. Bxc8 Raxc8 22. Nd1 Ne7 23. Ne3 Qg6 24. g4 Qh7 25. Kg2 Ng6 26. Bg3 Nf4+ 27. Bxf4 exf4 28. Nf5 Bxa1 29. Rxa1 Rce8 30. f3 Nd7 31.
Rh1 Ne5 32. Nb1 Ng6 33. Nc3 Qh8 34. Nb5 Rc8 35. Qd2 Nh4+ 36. Nxh4 gxh4 37. Nd4 Rce8 38. Nf5 Qe5 39. Nxh4 f5 40. Nxf5 Rxf5 41. gxf5 Kf7 42. Rg1 a4 43. Kh2 a3 44. Qg2 Qb2 45.
Qxb2 axb2 46. Rb1 Rg8 47. Rxb2 Rg3 48. Rf2 Kf6 49. a3 Ke5 50. b4 Kd4 51. f6 Rg6 52. Rg2 Rxf6 53. Rg7 Ke3 54. Kg2 h4 55. Rg5 Kd3 56. e5 dxe5 57. Rxe5 Kxc4 58. Re6 Rf7 59. d6 c5 60. Re7 Rf6 61. d7 Rd6 62. Re4+ Kb3 63.
bxc5 bxc5 64. Rxf4 c4 65. Rf8 Rxd7 66. Rb8+ Kxa3 67.
Rc8 Kb3 68. Rb8+ Ka2 69. Rc8 Rd2+ 70. Kf1 Kb3 71. Rb8+ Kc2 72. f4 c3 73. f5 Rd5 74.
Ke2 Re5+ 75. Kf3 Rxf5+ 76. Kg4 Rc5 77. Kxh4 Kd2 78. Rd8+ Ke3 79. Re8+ Kd4 80. Rd8+ Rd5 81. Rc8 Kd3 82. Kg3 c2 83. h4 Rd4 84. Rxc2 Kxc2 85. h5 Kd3 86. h6 Rd6 87. h7 Rh6 88. Kf4 Rxh7 0-1

[Event "*** SCC Grand Prix: Titled Tuesday Blitz"]
[Site "Chess.com"]
[Date "2020.06.09"]
[Round "9"]
[White "Harsha_Bharathakoti"]
[Black "Oneofmyturns"]
[Result "1-0"]
[WhiteElo "2752"]
[BlackElo "2578"]
[TimeControl "180+1"]
[EndTime "10:48:33 PDT"]
[Termination "Harsha_Bharathakoti won on time"]

1. e4 e5 2. Nf3 Nc6 3. Bc4 Bc5 4. c3 Nf6 5. d4 exd4 6. e5 d5 7.
Bb5 Ne4 8. cxd4 Bb6 9. Nc3 O-O 10. Be3 f5 11. Qb3 Be6 12. O-O f4 13. Nxe4 Na5 14. Qc2 dxe4 15. Qxe4 fxe3 16. fxe3 c5 17. dxc5 Bxc5 18.
Rad1 Qb6 19. Bd3 g6 20. Kh1 Rad8 21. Qh4 Bxe3 22. Be4 Nc6 23. Ng5 Bxg5 24. Qxg5 Qf2 25. Qc1 Rxd1 26. Rxd1 Nxe5 27. Bxb7 Qf4 28. Qxf4 Rxf4 29.
h3 Rf2 30. Re1 Rf5 31. g4 Rg5 32. h4 Rxg4 33. Rxe5 Rxh4+ 34. Kg2 Rb4 35. Be4 Rxb2+ 36. Kg3 Bxa2 37. Ra5 Kg7 38. Rxa7+ Kh6 39. Kf4 Rb4 40.
Rxa2 Kg7 41. Rg2 Kf6 42. Rd2 g5+ 43. Kf3 Rb3+ 44. Kg4 Rb6 45. Bxh7 Rb4+ 46. Kg3 Rb3+ 47. Kf2 Rh3 48. Be4 Rh2+ 49. Bg2 Rh4 50. Kg3 Rf4 51.
Rd5 Kg6 52. Rd6+ Kf5 53. Bh3+ Ke5 54. Re6+ Kd5 55. Rg6 Rd4 56. Rxg5+ Kc4 57. Bf1+ Kc3 58. Kf3 Rd8 59. Re5 Rf8+ 60. Ke2 Kd4 61. Ra5 Rf6 62.
Bg2 Rd6 63. Ra4+ Ke5 64. Ke3 Rb6 65. Ra5+ Kd6 66. Be4 Rb3+ 67. Kf4 Rb4 68. Rd5+ Ke6 69. Rh5 Rb2 70. Rh6+ Ke7 71. Ke5 Re2 72. Rh7+ Ke8 73. Kd5 Kd8 74. Kd6 Ke8 75. Bd5 Rf2 76. Re7+ Kf8 77. Rb7 Rf6+ 78. Be6 Rf1 79. Rh7 Rd1+ 80. Ke5 Rf1 81. Rb7 Rf2 82. Bf5 1-0

[Event "*** SCC Grand Prix: Titled Tuesday Blitz"]
[Site "Chess.com"]
[Date "2020.06.09"]
[Round "9"]
[White "mjray79"]
[Black "DivyaDeshmukh23"]
[Result "1-0"]
[WhiteElo "2316"]
[BlackElo "2437"]
[TimeControl "180+1"]
[EndTime "10:48:37 PDT"]
[Termination "mjray79 won by resignation"]

1. d4 Nf6 2. c4 e6 3. g3 Bb4+ 4. Bd2 Qe7 5. Nf3 Nc6 6. Nc3 Bxc3 7. Bxc3 d5 8. Bg2 O-O 9. O-O Ne4 10. Rc1 Nxc3 11. Rxc3 Bd7 12. Re1 Rfd8 13. e4 dxe4 14.
Rxe4 Qf6 15. Ne5 Nxe5 16. dxe5 Bc6 17. Rd4 Rxd4 18. Qxd4 Rd8 19. exf6 Rxd4 20. Bxc6 bxc6 21. fxg7 Kxg7 22. Kg2 a5 23. Kf3 Rd2 24. Ra3 Rxb2 25. Rxa5 Rc2 26. Rc5 Rxa2 27. Rxc6 Ra7 28. Rc5 Kf6 29. Rh5 Kg6 30. Rb5 Ra3+ 31. Ke4 Ra2 32. Ke3 Ra6 33. Ke4 f6 34. Rb7 Rc6 35. Kd4 Kf7 36. f4 Ke7 37. Rb5 Rd6+ 38. Ke3 Rc6 39. Kd4 Rd6+ 40. Kc3 Rd1 41. Rh5 Rc1+ 42. Kd3 Kd6 43.
Rxh7 c6 44. Rh6 f5 45. g4 fxg4 46. f5 Re1 47. Rg6 c5 48. fxe6 Rxe6 49. Rxe6+ Kxe6 50. Ke4 Kd6 51. Kf4 Ke6 52. Kxg4 Ke5 53. h4 Kd4 54. h5 Kxc4 55. h6 Kb3 56. h7 c4 57. h8=Q c3 58. Qh1 Kb2 59. Qb7+ Ka1 60. Qa6+ Kb2 61. Qb5+ Ka1 62. Qa4+ Kb2 63. Qb4+ Kc2 64. Kf3 Kd3 65. Qb3 Kd2 66. Qb4 Kd3 67. Kf2 c2 68. Qb2 Kd2 69. Kf1 Kd1 70. Qd4+ Kc1 71. Ke1 Kb1 72. Qb4+ Ka1 73.
Qc3+ Kb1 74. Kd2 1-0